TOP OF THE 1ST |
Austin River Sharks batting - Pitching for Chicago Machine : RHP Geoffrey Keller
|
Pitching: RHP Geoffrey Keller
|
|
Batting: LHB Enrico Vargas
|
0-0: Ball 1-0: Ball 2-0: SINGLE (Line Drive, 4MD)
|
Batting: RHB Richard Coker
|
0-0: Called Strike Enrico Vargas is caught stealing 2nd base 0-1: Ball 1-1: Ball 2-1: DOUBLE (Line Drive, 7LM)
|
Batting: LHB Greg Nelson
|
0-0: Ball 1-0: Ball 2-0: Swinging Strike 2-1: Ball 3-1: Foul Ball, location: 2F 3-2: Foul Ball, location: 2F 3-2: SINGLE (Flyball, 8LS) Richard Coker to third
|
Batting: RHB Pedro Guzmán
|
0-0: Foul Ball, location: 2F 0-1: Swinging Strike 0-2: Fly out, F8 (Flyball, 8RM) Runner from 3rd tags up, SCORES, throw made
|
Batting: LHB Harry Pitts
|
0-0: Ground out 4-3 (Groundball, 34)
|
Top of the 1st over - 1 run(s), 3 hit(s), 0 error(s), 1 left on base; Austin 1 - Chicago 0 |
BOTTOM OF THE 1ST |
Chicago Machine batting - Pitching for Austin River Sharks : RHP Armando Pérez
|
Pitching: RHP Armando Pérez
|
|
Batting: SHB Lee Townsend
|
0-0: Foul Ball, location: 2F 0-1: Ball 1-1: Ground out U3 (Groundball, 34)
|
Batting: RHB Pablo Sandoval
|
0-0: Ball 1-0: Ball 2-0: Ball 3-0: Called Strike 3-1: Base on Balls
|
Batting: RHB Doug Stephens
|
0-0: Ball 1-0: Ball 2-0: Fly out, F8 (Flyball, 8LD)
|
Batting: SHB José Alomar
|
0-0: Called Strike 0-1: Ball Passed Ball! Pablo Sandoval to second 1-1: Foul Ball, location: 2F 1-2: Foul Ball, location: 2F 1-2: Foul Ball, location: 2F 1-2: Strikes out swinging
|
Bottom of the 1st over - 0 run(s), 0 hit(s), 0 error(s), 1 left on base; Austin 1 - Chicago 0 |
TOP OF THE 2ND |
Austin River Sharks batting - Pitching for Chicago Machine : RHP Geoffrey Keller
|
Batting: RHB Manny Copriviza
|
0-0: Ball 1-0: Swinging Strike 1-1: Ball 2-1: Foul Ball, location: 2F 2-2: Foul Ball, location: 2F 2-2: Ball 3-2: Foul Ball, location: 2F 3-2: Foul Ball, location: 2F 3-2: Base on Balls
|
Batting: LHB José Liñares
|
0-0: Ball 1-0: Ball 2-0: Ball 3-0: Called Strike 3-1: Foul Ball, location: 2F 3-2: Grounds into double play, 6-4-3 (Groundball, 6M)
|
Batting: RHB Eric Neal
|
0-0: Ground out 6-3 (Groundball, 6M)
|
Top of the 2nd over - 0 run(s), 0 hit(s), 0 error(s), 0 left on base; Austin 1 - Chicago 0 |
BOTTOM OF THE 2ND |
Chicago Machine batting - Pitching for Austin River Sharks : RHP Armando Pérez
|
Batting: RHB Roberto Tobías
|
0-0: SINGLE (Groundball, 4D)
|
Batting: SHB Joaquín López
|
0-0: Called Strike 0-1: Fly out, F8 (Flyball, 8LD)
|
Batting: RHB Gonzalo Gil
|
0-0: Called Strike 0-1: Ball 1-1: DOUBLE (Flyball, 8LXD) Roberto Tobías to third
|
Batting: RHB Nick Harris
|
0-0: Ball 1-0: Ball 2-0: Ground out 1-3 (Groundball, 13)
|
Batting: RHB Alden Isenhood
|
0-0: Ball 1-0: Ball 2-0: Ball 3-0: Base on Balls
|
Batting: SHB Lee Townsend
|
0-0: Foul Ball, location: 2F 0-1: Ball 1-1: Swinging Strike 1-2: Strikes out swinging
|
Bottom of the 2nd over - 0 run(s), 2 hit(s), 0 error(s), 3 left on base; Austin 1 - Chicago 0 |
TOP OF THE 3RD |
Austin River Sharks batting - Pitching for Chicago Machine : RHP Geoffrey Keller
|
Batting: RHB Teddy Bates
|
0-0: Ball 1-0: Swinging Strike 1-1: Foul Ball, location: 2F 1-2: Strikes out swinging
|
Batting: LHB Enrico Vargas
|
0-0: Called Strike 0-1: Ball 1-1: Ball 2-1: Ball 3-1: Ground out 4-3 (Groundball, 4M)
|
Batting: RHB Richard Coker
|
0-0: Foul Ball, location: 2F 0-1: Ball 1-1: Fly out, F7 (Line Drive, 7)
|
Top of the 3rd over - 0 run(s), 0 hit(s), 0 error(s), 0 left on base; Austin 1 - Chicago 0 |
BOTTOM OF THE 3RD |
Chicago Machine batting - Pitching for Austin River Sharks : RHP Armando Pérez
|
Batting: RHB Pablo Sandoval
|
0-0: Ball 1-0: Ball 2-0: Called Strike 2-1: Ground out 6-3 (Groundball, 56)
|
Batting: RHB Doug Stephens
|
0-0: Called Strike 0-1: Fly out, F9 (Flyball, 89S)
|
Batting: SHB José Alomar
|
0-0: DOUBLE (Line Drive, 8RXD)
|
Batting: RHB Roberto Tobías
|
0-0: Ball 1-0: Ball 2-0: Ball 3-0: Base on Balls
|
Batting: SHB Joaquín López
|
0-0: Called Strike 0-1: SINGLE (Line Drive, 9LS) José Alomar to third Roberto Tobías to second
|
Batting: RHB Gonzalo Gil
|
0-0: Ball 1-0: Ball 2-0: Ball 3-0: Base on Balls José Alomar scores Roberto Tobías to third Joaquín López to second
|
Batting: RHB Nick Harris
|
0-0: Ball 1-0: Called Strike 1-1: Foul Ball, location: 2F 1-2: Ball 2-2: SINGLE (Line Drive, 9LS) Roberto Tobías scores Joaquín López to third Gonzalo Gil to second
|
Batting: RHB Alden Isenhood
|
0-0: Ball 1-0: Called Strike 1-1: Fielders Choice at 2nd, 4-6 (Groundball, 4)
|
Bottom of the 3rd over - 2 run(s), 3 hit(s), 0 error(s), 2 left on base; Austin 1 - Chicago 2 |
TOP OF THE 4TH |
Austin River Sharks batting - Pitching for Chicago Machine : RHP Geoffrey Keller
|
Batting: LHB Greg Nelson
|
0-0: Called Strike 0-1: Foul Ball, location: 2F 0-2: Ball 1-2: Ground out 4-3 (Groundball, 34D)
|
Batting: RHB Pedro Guzmán
|
0-0: Foul Ball, location: 2F 0-1: Ground out 1-3 (Groundball, 13)
|
Batting: LHB Harry Pitts
|
0-0: Called Strike 0-1: Called Strike 0-2: Ball 1-2: Ball 2-2: Ball 3-2: TRIPLE (Flyball, 89XD)
|
Batting: RHB Manny Copriviza
|
0-0: Fly out, F7 (Flyball, 7S)
|
Top of the 4th over - 0 run(s), 1 hit(s), 0 error(s), 1 left on base; Austin 1 - Chicago 2 |
BOTTOM OF THE 4TH |
Chicago Machine batting - Pitching for Austin River Sharks : RHP Armando Pérez
|
Batting: SHB Lee Townsend
|
0-0: Ball 1-0: Ground out 4-3 (Groundball, 4D)
|
Batting: RHB Pablo Sandoval
|
0-0: Ball 1-0: Foul Ball, location: 2F 1-1: Ground out 6-3 (Groundball, 6)
|
Batting: RHB Doug Stephens
|
0-0: Called Strike 0-1: SINGLE (Groundball, 6D)
|
Batting: SHB José Alomar
|
0-0: SINGLE (Line Drive, 8LS) Doug Stephens to second
|
Batting: RHB Roberto Tobías
|
0-0: Foul Ball, location: 2F 0-1: Swinging Strike 0-2: Fielders Choice at 2nd, 6-4 (Groundball, 6)
|
Bottom of the 4th over - 0 run(s), 2 hit(s), 0 error(s), 1 left on base; Austin 1 - Chicago 2 |
TOP OF THE 5TH |
Austin River Sharks batting - Pitching for Chicago Machine : RHP Geoffrey Keller
|
Batting: LHB José Liñares
|
0-0: Called Strike 0-1: Ball 1-1: Swinging Strike 1-2: Strikes out looking
|
Batting: RHB Eric Neal
|
0-0: Ground out 4-3 (Groundball, 4)
|
Batting: RHB Teddy Bates
|
0-0: Foul Ball, location: 2F 0-1: Foul Ball, location: 2F 0-2: Ball 1-2: Strikes out swinging, 2-3 out at first.
|
Top of the 5th over - 0 run(s), 0 hit(s), 0 error(s), 0 left on base; Austin 1 - Chicago 2 |
BOTTOM OF THE 5TH |
Chicago Machine batting - Pitching for Austin River Sharks : RHP Armando Pérez
|
Batting: SHB Joaquín López
|
0-0: Called Strike 0-1: Swinging Strike 0-2: Ball 1-2: Ball 2-2: Foul Ball, location: 2F 2-2: SINGLE (Groundball, 6MD)
|
Batting: RHB Gonzalo Gil
|
0-0: Ball 1-0: Ground out 5-3 (Groundball, 56S) Joaquín López to second
|
Batting: RHB Nick Harris
|
0-0: Intentional Walk
|
Batting: RHB Alden Isenhood
|
0-0: Ball 1-0: Called Strike 1-1: Foul Ball, location: 2F 1-2: SINGLE (Groundball, 34D) Joaquín López to third Nick Harris to second Runner from 3rd tries for Home, SAFE, no throw
|
Batting: SHB Lee Townsend
|
0-0: Foul Ball, location: 2F 0-1: Foul Ball, location: 2F 0-2: Ball 1-2: Foul Ball, location: 2F 1-2: Ball 2-2: Strikes out swinging
|
Batting: RHB Pablo Sandoval
|
0-0: Ball 1-0: Ground out 1-3 (Groundball, P)
|
Bottom of the 5th over - 1 run(s), 2 hit(s), 0 error(s), 2 left on base; Austin 1 - Chicago 3 |
TOP OF THE 6TH |
Austin River Sharks batting - Pitching for Chicago Machine : RHP Geoffrey Keller
|
Batting: LHB Enrico Vargas
|
0-0: Called Strike 0-1: Ground out U3 (Groundball, 3)
|
Batting: RHB Richard Coker
|
0-0: Ball 1-0: Ground out 6-3 (Groundball, 6S)
|
Batting: LHB Greg Nelson
|
0-0: Called Strike 0-1: SINGLE (Groundball, 6MD)
|
Batting: RHB Pedro Guzmán
|
0-0: Called Strike 0-1: Ball 1-1: Swinging Strike 1-2: Ball Wild Pitch! Greg Nelson to second 2-2: Strikes out looking
|
Top of the 6th over - 0 run(s), 1 hit(s), 0 error(s), 1 left on base; Austin 1 - Chicago 3 |
BOTTOM OF THE 6TH |
Chicago Machine batting - Pitching for Austin River Sharks : RHP Armando Pérez
|
Pitching: LHP António Bueno
|
|
Batting: RHB Doug Stephens
|
0-0: Called Strike 0-1: Swinging Strike 0-2: Ball 1-2: Strikes out swinging
|
Batting: SHB José Alomar
|
0-0: Called Strike 0-1: Ground out 6-3 (Groundball, 6)
|
Batting: RHB Roberto Tobías
|
0-0: Ground out 6-3 (Groundball, 6)
|
Bottom of the 6th over - 0 run(s), 0 hit(s), 0 error(s), 0 left on base; Austin 1 - Chicago 3 |
TOP OF THE 7TH |
Austin River Sharks batting - Pitching for Chicago Machine : RHP Geoffrey Keller
|
Batting: LHB Harry Pitts
|
0-0: Ball 1-0: Called Strike 1-1: Ball 2-1: Ball 3-1: Swinging Strike 3-2: Strikes out swinging
|
Batting: RHB Manny Copriviza
|
0-0: Ball 1-0: Ball 2-0: Foul Ball, location: 2F 2-1: Foul Ball, location: 2F 2-2: Ball 3-2: Fly out, F5 (Line Drive, 56)
|
Batting: LHB José Liñares
|
0-0: Ball 1-0: Called Strike 1-1: Foul Ball, location: 2F 1-2: Ball 2-2: SINGLE (Groundball, 34D)
|
Pitching: RHP Pedro Mendoza
|
|
Batting: RHB Eric Neal
|
0-0: Ball 1-0: Ball 2-0: Called Strike 2-1: Foul Ball, location: 2F 2-2: SINGLE (Groundball, 56D) José Liñares to second
|
Batting: RHB Teddy Bates
|
0-0: Ball 1-0: Ball 2-0: Called Strike 2-1: Called Strike 2-2: Foul Ball, location: 2F 2-2: Strikes out swinging
|
Top of the 7th over - 0 run(s), 2 hit(s), 0 error(s), 2 left on base; Austin 1 - Chicago 3 |
BOTTOM OF THE 7TH |
Chicago Machine batting - Pitching for Austin River Sharks : LHP António Bueno
|
Batting: SHB Joaquín López
|
0-0: Called Strike 0-1: DOUBLE (Popup, 34D)
|
Batting: RHB Gonzalo Gil
|
0-0: Ball 1-0: Called Strike 1-1: Ball 2-1: Ball 3-1: Fly out, F7 (Flyball, 78M)
|
Batting: RHB Nick Harris
|
0-0: Intentional Walk
|
Batting: RHB Alden Isenhood
|
0-0: Ball 1-0: Fly out, F9 (Flyball, 9LM)
|
Batting: SHB Lee Townsend
|
0-0: Ball 1-0: Foul Ball, location: 2F 1-1: Called Strike 1-2: Ball 2-2: Foul Ball, location: 2F 2-2: Foul Ball, location: 2F 2-2: Strikes out swinging
|
Bottom of the 7th over - 0 run(s), 1 hit(s), 0 error(s), 2 left on base; Austin 1 - Chicago 3 |
TOP OF THE 8TH |
Austin River Sharks batting - Pitching for Chicago Machine : RHP Pedro Mendoza
|
Batting: LHB Enrico Vargas
|
0-0: Foul Ball, location: 2F 0-1: Ball 1-1: Ball 2-1: Ball 3-1: Foul Ball, location: 2F 3-2: Fly out, F4 (Popup, 4)
|
Batting: RHB Richard Coker
|
0-0: Ball 1-0: Swinging Strike 1-1: Swinging Strike 1-2: Ball 2-2: Foul Ball, location: 2F 2-2: Foul Ball, location: 2F 2-2: Ball 3-2: SINGLE (Groundball, 34D)
|
Pitching: LHP John Knight
|
|
Batting: LHB Greg Nelson
|
0-0: Ball 1-0: Grounds into double play, 1-6-3 (Groundball, P)
|
Top of the 8th over - 0 run(s), 1 hit(s), 0 error(s), 0 left on base; Austin 1 - Chicago 3 |
BOTTOM OF THE 8TH |
Chicago Machine batting - Pitching for Austin River Sharks : LHP António Bueno
|
Batting: RHB Pablo Sandoval
|
0-0: Ground out 4-3 (Groundball, 4)
|
Batting: RHB Doug Stephens
|
0-0: Foul Ball, location: 2F 0-1: Ball 1-1: Foul Ball, location: 2F 1-2: Foul Ball, location: 2F 1-2: Fly out, F7 (Flyball, 7)
|
Batting: SHB José Alomar
|
0-0: Ground out 5-3 (Groundball, 56)
|
Bottom of the 8th over - 0 run(s), 0 hit(s), 0 error(s), 0 left on base; Austin 1 - Chicago 3 |
TOP OF THE 9TH |
Austin River Sharks batting - Pitching for Chicago Machine : LHP John Knight
|
Pitching: RHP Víctor Reyes
|
|
Batting: RHB Pedro Guzmán
|
0-0: Ball 1-0: Ball 2-0: Ball 3-0: Called Strike 3-1: Base on Balls
|
Batting: LHB Harry Pitts
|
0-0: Ball 1-0: Foul Ball, location: 2F 1-1: Ball 2-1: Called Strike 2-2: Foul Ball, location: 2F 2-2: Strikes out swinging
|
Batting: RHB Manny Copriviza
|
0-0: Ball 1-0: Called Strike 1-1: Foul Ball, location: 2F 1-2: Ball 2-2: Foul Ball, location: 2F 2-2: Fly out, F9 (Flyball, 9LM)
|
Batting: LHB José Liñares
|
0-0: Ball 1-0: Called Strike 1-1: Ball 2-1: Foul Ball, location: 2F 2-2: Ball 3-2: Strikes out swinging
|
Top of the 9th over - 0 run(s), 0 hit(s), 0 error(s), 1 left on base; Austin 1 - Chicago 3 |
|